 Dungeon Sprint DCSS version 0.21.0-24-g2553a33 (webtiles) character file.

72 letownia2 the Ruffian (level 4, -5/44 HPs)
             Began as a Troll Wizard on Jan 20, 2018.
             Slain by a worker ant (7 damage)
             ... in the Dungeon (Sprint II: "The Violet Keep of Menkaure").
             The game lasted 00:00:29 (35 turns).

letownia2 the Ruffian (Troll Wizard)                  Turns: 35, Time: 00:00:29

Health: -5/44      AC:  5    Str: 15    XL:     4   Next: 6%
Magic:  6/6        EV:  9    Int: 15    God:
Gold:   0          SH:  0    Dex:  8    Spells: 6/7 levels left

rFire    . . .     SeeInvis .     - Unarmed
rCold    . . .     Gourm    +   (no shield)
rNeg     . . .     Faith    .   a - +0 robe
rPois    .         Spirit   .   b - +0 hat
rElec    .         Reflect  .   (no cloak)
rCorr    .         Harm     .   (gloves unavailable)
MR       .....     NoTele   +   (boots unavailable)
Stlth    +.........             (no amulet)
HPRegen  0.54/turn              (no ring)
MPRegen  0.10/turn              (no ring)

@: lethally poisoned (-5 -> -8)
A: large, unfitting armour, claws 3, fast metabolism 3, gourmand, regeneration
1, shaggy fur 1, tough skin 2
a: no special abilities


You were in the Dungeon.
You were not hungry.

You visited 1 branch

Inventory:

Armour
 a - a +0 robe (worn)
 b - a +0 hat (worn)
Scrolls
 j - a scroll of blinking
Potions
 e - a potion of curing
 f - a potion of heal wounds
 g - a potion of haste
 h - 2 potions of magic
 i - a potion of berserk rage
Books
 c - a book of Minor Magic

   Spells                             Type                      Level
   a - Magic Dart                     Conjuration                  1
   b - Blink                          Translocation                2
   c - Call Imp                       Summoning                    2
   d - Slow                           Hexes                        2
   e - Conjure Flame                  Conjuration/Fire             3
   f - Mephitic Cloud                 Conjuration/Poison/Air       3
Comestibles
 d - 2 rations


   Skills:
 - Level 2.4 Fighting
 - Level 1.5 Dodging
 - Level 1.0 Stealth
 + Level 5.9 Unarmed Combat
 - Level 2.0 Spellcasting
 + Level 2.9 Conjurations
   Level 0.6 Summonings
   Level 0.6 Translocations


You had 6 spell levels left.
You knew the following spells:

 Your Spells              Type           Power        Failure   Level  Hunger
a - Magic Dart            Conj           ##..         7%          1    #......


Dungeon Overview and Level Annotations

Branches:
Dungeon (1/1)

Altars:


Innate Abilities, Weirdness & Mutations

You are too large for most types of armour.
You have claws for hands.
Your metabolism is lightning-fast.
You like to eat raw meat.
Your natural rate of healing is unusually fast.
You are covered in fur. (AC +1)
You have very tough skin. (AC +2)


Message History

The worker ant is severely wounded.
You feel sick. The worker ant closely misses you.
Unknown command.
You completely miss the worker ant.
The worker ant is severely wounded.
The worker ant bites you.
* * * LOW HITPOINT WARNING * * *
Unknown command.
You scratch the worker ant.
The worker ant is almost dead.
You feel sick. The worker ant bites you.
* * * LOW HITPOINT WARNING * * *
You are lethally poisoned!
The worker ant poisons you!
Unknown command.
You barely miss the worker ant.
The worker ant is almost dead.
* * * LOW HITPOINT WARNING * * *
You feel sick. The worker ant bites you!
You die...

## ## ##.
.## .w w. #
$#. # ##.
#+# .#
#.m.##.##..#
#.+.<@a#
#...##.##..#
##. #+# .# #
#


You could see a worker ant.

Vanquished Creatures
  3 worker ants (D)
3 creatures vanquished.

Notes
Turn   | Place    | Note
-------+----------+-------------------------------------------
     0 | D        | letownia2 the Troll Wizard began the quest for the Orb.
     0 | D        | Reached XP level 1. HP: 16/16 MP: 2/2
     1 | D        | Noticed a merfolk siren
     4 | D        | Noticed a tyrant leech
     4 | D        | Noticed a tyrant leech
     7 | D        | Noticed a worker ant
     7 | D        | Noticed a worker ant
     7 | D        | Noticed a worker ant
     7 | D        | Noticed a worker ant
    14 | D        | Killed a worker ant
    14 | D        | Reached skill level 4 in Unarmed Combat
    14 | D        | Reached XP level 2. HP: 29/29 MP: 4/4
    24 | D        | Reached skill level 5 in Unarmed Combat
    24 | D        | Reached XP level 3. HP: 21/36 MP: 5/5
    30 | D        | Reached XP level 4. HP: 8/44 MP: 6/6
    34 | D        | HP: 2/44 [worker ant (1)]
    35 | D        | Slain by a worker ant

Skill      XL: |  1  2 |
---------------+-------+-----
Fighting       | 2 |  2.4
Unarmed Combat | 4 5 |  5.9
Conjurations   | 2 |  2.9
Dodging        | |  1.5
Stealth        | |  1.0
Spellcasting   | |  2.0
Summonings     | |  0.6
Translocations | |  0.6

Action                   |  1- 3 |  4- 6 || total
-------------------------+-------+-------++-------
Melee: Unarmed           |    22 |     5 ||    27
Armor: Robe              |     5 |       ||     5
Dodge: Dodged            |    10 |     1 ||    11
